 Dungeon Crawl Stone Soup version 0.27-a0-1181-g5f64966fcc (webtiles) character file.

Game seed: 13836312091055787194

11872 bande the Cleaver (level 11, 0/67 HPs)
             Began as a Gargoyle Fighter on May 18, 2021.
             Was a High Priest of Okawaru.
             Killed by nerve-wracking pain
             ... invoked by a shadow imp
              (2 damage)
             ... on level 7 of the Dungeon.
             The game lasted 00:33:06 (15481 turns).

bande the Cleaver (Gargoyle Fighter)               Turns: 15481, Time: 00:33:06

Health: 0/67       AC: 24    Str: 22      XL:     11   Next: 84%
Magic:  15/15      EV:  6    Int:  9      God:    Okawaru [*****.]
Gold:   554        SH: 12    Dex:  9 (10) Spells: 10/10 levels left

rFire    . . .     SeeInvis .   z - +4 war axe of Wisdom {vorpal, rCorr}
rCold    . . .     Faith    .   c - +1 kite shield
rNeg     + . .     Spirit   .   y - +0 plate armour
rPois    ∞         Reflect  .   b - +0 helmet
rElec    +         Harm     .   (no cloak)
rCorr    +         Rampage  .   (no gloves)
Will     .....                  q - +0 pair of boots
Stlth    ..........             (no amulet)
HPRegen  0.21/turn              h - +4 ring of slaying
MPRegen  0.14/turn              C - ring of flight

@: flying, studying 3 skills
A: sickness immunity, AC +8, negative energy resistance 1, electricity
resistance, torment resistance 1, petrification resistance
a: Renounce Religion, Heroism, Finesse


You were on level 7 of the Dungeon.
You worshipped Okawaru.
Okawaru was extremely pleased with you.
You visited 2 branches of the dungeon, and saw 12 of its levels.
You also visited: Bailey.

You collected 554 gold pieces.

Inventory:

Hand Weapons
 a - a +0 war axe of freezing
 o - a +3 hand axe of freezing
 v - a +3 war axe of venom
 z - the +4 war axe of Wisdom (weapon) {vorpal, rCorr}
   (Okawaru gifted it to you on level 10 of the Dungeon)

   It inflicts extra damage upon your enemies.
   It protects you from acid and corrosion.
Missiles
 A - 7 atropa-tipped darts (quivered)
Armour
 b - a +0 helmet (worn)
 c - a +1 kite shield (worn)
 q - a +0 pair of boots (worn)
 x - a +0 hat
 y - a +0 plate armour (worn)
Jewellery
 e - a ring of see invisible
 h - a +4 ring of slaying (left hand)
 i - a +4 ring of evasion
 k - a +6 ring of dexterity
 m - a +4 ring of evasion
 C - a ring of flight (right hand)
Wands
 j - a wand of polymorph (8)
 p - a wand of acid (14)
 r - a wand of flame (29)
 s - a wand of iceblast (25)
 D - a wand of paralysis (8)
Scrolls
 f - 3 scrolls of magic mapping
 l - 4 scrolls of identify
 B - a scroll of enchant weapon
 E - a scroll of teleportation
Potions
 d - a potion of berserk rage
 n - a potion of cancellation
 t - a potion of might
 u - a potion of haste
 w - a potion of mutation {unknown}
Miscellaneous
 g - a condenser vane


   Skills:
 + Level 7.2 Fighting
 + Level 10.2 Axes
 + Level 7.9 Armour
 - Level 1.4 Dodging
 + Level 9.9 Shields
 * Level 6.4 Invocations
 * Level 6.6 Evocations


You had 10 spell levels left.
You didn't know any spells.
Your spell library contained the following spells:

 Spells                   Type           Power      Damage    Failure   Level
 Beastly Appendage        Tmut           0%         N/A       100%        1
 Summon Small Mammal      Summ           0%         N/A       100%        1
 Call Imp                 Summ           0%         N/A       100%        2
 Wereblood                Tmut           0%         N/A       100%        2
 Call Canine Familiar     Summ           0%         N/A       100%        3
 Spider Form              Tmut/Pois      0%         N/A       100%        3
 Summon Guardian Golem    Hex/Summ       0%         N/A       100%        3
 Ice Form                 Ice/Tmut       0%         N/A       100%        4
 Summon Ice Beast         Ice/Summ       0%         N/A       100%        4
 Summon Lightning Spire   Summ/Air       0%         N/A       100%        4
 Hydra Form               Tmut           0%         N/A       100%        5


Dungeon Overview and Level Annotations

Branches:
Dungeon (11/15)            Temple (1/1) D:6            Lair (0/6) D:11
    Orc (0/2) D:9          Bailey (visited)

Altars:
Ashenzari
Cheibriados
Dithmenos
Elyvilon
Fedhas
Gozag
Hepliaklqana
Kikubaaqudgha
Makhleb
Nemelex Xobeh
Okawaru
Qazlal
Ru
Sif Muna
Trog
Uskayaw
Vehumet
Wu Jian
Xom
Yredelemnul
Zin
The Shining One

Shops:
D:1 *

Annotations:
D:6 Pikel
D:7 1 transporter


Innate Abilities, Weirdness & Mutations

You are immune to sickness and miasma.
Your stone body is resilient. (AC +8)
You are immune to poison.
You resist negative energy. (rN+)
You are resistant to electric shocks. (rElec)
You are resistant to unholy torment.
You are immune to petrification.


Message History

The kobold demonologist gestures wildly while chanting.
The orc priest mumbles some strange prayers to Beogh against you.
You struggle to resist.
The shadow imp gestures at you. Pain shoots through your body!
There is an open door here.
You hit the smoke demon.
The smoke demon is lightly wounded.
The smoke demon gestures at you.
The sticky flame hits you but does no damage.
You are covered in liquid flames!
The kobold demonologist casts a cantrip, but nothing happens.
The smoke demon hits you but does no damage. x3
You slash the smoke demon!
The smoke demon is severely wounded.
You are covered in liquid flames!
The shadow imp gestures at you. Pain shoots through your body!
The kobold demonologist casts a spell.
The smoke demon gestures at you.
The sticky flame hits you but does no damage.
You are covered in liquid flames!
You slice the smoke demon!!
You kill the smoke demon!
You are covered in liquid flames!
* * * LOW HITPOINT WARNING * * *
The orc priest looks braver for a moment.
You are covered in liquid flames!
* * * LOW HITPOINT WARNING * * *
The orc priest calls down the wrath of Beogh upon you.
Beogh smites you!
* * * LOW HITPOINT WARNING * * *
Unknown command.
You are covered in liquid flames!
* * * LOW HITPOINT WARNING * * *
You are no longer on fire.
The red devil hops backward while attacking.
The red devil hits you but does no damage.
The shadow imp gestures at you. Pain shoots through your body!
You die...

#....# ##### #########....# #....
####............#############....
.................................
.#####...........................
.# #.###############.##........
## #.#8≈#...o5K5#P8#...........
##.#P.#≈≈≈≈≈≈≈#.P#...........
##..#$(#..P≈≈@.#..#...........
###..©#©.+..≈♣≈..'.©#©......###.
##.....#$[#..≈≈P..#..#.......###.
...###.#P.#≈≈≈≈≈4≈#.P#..........÷
#### #.#8≈#....oK5#P8#.#.....##..
######.###############.#....^##..
.......................#.....##.#
#########............###.....##.#
.................#....#########.#


You could see 2 kobold demonologists, a red devil (summoned), 2 orc priests and
3 shadow imps.

Vanquished Creatures
  A two-headed ogre (D:10)
  2 manticores (D:11)
  Joseph (D:7)
  2 gargoyles (D:11)
  2 unseen horrors
  A troll (D:11)
  2 wyverns
  13 yaks
  2 steam dragons
  Menkaure (D:5)
  An acid dragon (D:11)
  11 orc warriors
  2 water moccasins
  3 sky beasts
  A hornet zombie (D:7)
  2 ogres
  13 centaurs
  2 necrophages
  5 wolves (D:11)
  A phantom (D:7)
  3 bullfrogs
  A wyvern zombie (D:5)
  A gnoll sergeant (D:10)
  A scorpion (D:7)
  A water moccasin zombie (D:5)
  A wyvern skeleton (D:7)
  16 wights
  3 killer bees (D:10)
  2 electric eels (D:11)
  4 centaur zombies
  3 bullfrog zombies
  3 orc priests
  A gnoll shaman (D:8)
  5 hounds
  A bullfrog skeleton (D:5)
  2 centaur skeletons (D:7)
  Jessica (D:2)
  5 iguanas
  9 orc wizards
  A hound zombie (D:5)
  Robin (D:1)
  8 gnolls
  5 adders
  A shadow imp (D:7)
  2 white imps (D:7)
  An ufetubus (D:6)
  An adder skeleton (D:4)
  2 worms
  A dart slug (D:1)
  40 orcs
  5 bats
  7 endoplasms
  5 giant cockroaches
  8 hobgoblins
  6 jackals
  5 quokkas
  4 ball pythons
  3 frilled lizards
  11 goblins
  5 kobolds
  4 rats (D:1)
257 creatures vanquished.

Vanquished Creatures (others)
  A centaur (Bailey)
  An orc wizard (D:7)
  2 orcs
4 creatures vanquished.

Grand Total: 261 creatures vanquished

Notes
Turn   | Place    | Note
-------+----------+-------------------------------------------
     0 | D:1      | bande the Gargoyle Fighter began the quest for the Orb.
     0 | D:1      | Reached XP level 1. HP: 14/14 MP: 1/1
   111 | D:1      | Found Jeref's General Store.
   124 | D:1      | Reached XP level 2. HP: 13/19 MP: 2/2
   282 | D:1      | Reached skill level 2 in Axes
   336 | D:1      | Found a faded altar of an unknown god.
  1112 | D:2      | Reached XP level 3. HP: 21/23 MP: 3/3
  1282 | D:2      | Noticed Jessica
  1288 | D:2      | Killed Jessica
  1289 | D:2      | Reached XP level 4. HP: 27/29 MP: 4/4
  1403 | D:2      | Noticed Robin
  1561 | D:2      | Reached skill level 3 in Axes
  1561 | D:2      | Reached XP level 5. HP: 6/33 MP: 5/5
  1570 | D:1      | Killed Robin
  3171 | D:3      | Found a blossoming altar of Fedhas.
  3360 | D:4      | Reached XP level 6. HP: 38/38 MP: 6/6
  3366 | D:4      | Found an iron altar of Okawaru.
  3392 | D:4      | Became a worshipper of Warmaster Okawaru
  3604 | D:4      | Found a snail-covered altar of Cheibriados.
  3606 | D:4      | Found a sacrificial altar of Ru.
  3608 | D:4      | Found a stormy altar of Qazlal.
  3768 | D:5      | Entered Level 5 of the Dungeon
  3779 | D:5      | Reached skill level 4 in Axes
  3825 | D:5      | Found a basalt altar of Yredelemnul.
  3826 | D:5      | Noticed a water moccasin
  3854 | D:4      | Reached skill level 1 in Evocations
  4052 | D:4      | Killed a water moccasin
  4052 | D:4      | Reached * piety under Okawaru
  4053 | D:4      | Reached skill level 5 in Shields
  4053 | D:4      | Reached XP level 7. HP: 22/43 MP: 7/7
  4221 | D:4      | Reached skill level 1 in Dodging
  4735 | D:5      | Reached ** piety under Okawaru
  4990 | D:5      | Reached skill level 5 in Axes
  5055 | D:5      | Reached XP level 8. HP: 42/48 MP: 8/8
  5097 | D:5      | Noticed Menkaure
  5107 | D:5      | Killed Menkaure
  5108 | D:5      | Reached skill level 5 in Armour
  6422 | D:6      | Reached skill level 6 in Axes
  6429 | D:6      | Reached *** piety under Okawaru
  6430 | D:6      | Reached skill level 5 in Fighting
  6646 | D:6      | Found a staircase to the Ecumenical Temple.
  6657 | Temple   | Entered the Ecumenical Temple
  6846 | D:6      | Noticed Pikel
  7074 | D:6      | Reached XP level 9. HP: 29/54 MP: 9/9
  7311 | D:6      | Reached skill level 1 in Invocations
  8081 | D:7      | Noticed an unseen horror
  8255 | D:7      | Reached **** piety under Okawaru
  8256 | D:7      | Reached skill level 7 in Axes
  8480 | D:7      | Found a transporter.
  8482 | D:7      | Noticed a kobold demonologist
  8504 | D:7      | Found a transporter.
  8637 | D:7      | Noticed Joseph
  8661 | D:7      | Killed Joseph
  8662 | D:7      | Reached XP level 10. HP: 17/60 MP: 12/12
  8687 | D:7      | Killed an unseen horror
  8899 | D:7      | Noticed a kobold demonologist
  9157 | D:8      | Identified the -4 buckler "Sazahus" {rElec Str+2}
  9496 | D:8      | Reached ***** piety under Okawaru
  9935 | D:9      | Reached skill level 8 in Axes
  9935 | D:9      | Reached skill level 5 in Evocations
 10407 | D:9      | You fall into a shaft and drop 1 floor!
 10407 | D:10     | Entered Level 10 of the Dungeon
 10451 | D:9      | Found a staircase to the Orcish Mines.
 11647 | D:10     | Identified the +4 war axe of Wisdom {vorpal, rCorr}
                  | (Okawaru gifted it to you on level 10 of the Dungeon)
 11647 | D:10     | Received a gift from Okawaru
 11651 | D:10     | Reached skill level 5 in Invocations
 11653 | D:10     | Reached XP level 11. HP: 65/66 MP: 14/14
 11704 | D:10     | Noticed a two-headed ogre
 11715 | D:10     | Killed a two-headed ogre
 11716 | D:10     | Reached skill level 9 in Axes
 12143 | D:11     | Found a flagged portal.
 12152 | Bailey   | Entered a bailey
 12975 | Bailey   | HP: 1/66 [centaur/+0 halberd (5)]
 12984 | Bailey   | HP: 2/99 [orc/+0 spear (1)]
 13711 | D:11     | Identified a scroll of acquirement
 13711 | D:11     | Acquired a manual of Axes
 13788 | D:11     | Noticed a manticore
 13826 | D:11     | Received a gift from Okawaru
 13862 | D:11     | Killed a manticore
 14037 | D:11     | Reached skill level 10 in Axes
 14226 | D:11     | Found a staircase to the Lair.
 14273 | D:11     | Noticed a manticore
 14282 | D:11     | Killed a manticore
 15479 | D:7      | HP: 3/67 [orc priest/divine providence (14)]
 15481 | D:7      | Killed from afar by a shadow imp

Illustrated notes

Levels and vault maps discovered:
D:1:      nzn_arrival_settlement, layout_loops_ring, serial_shops,
          nicolae_shop_waterfront, serial_glass, glass_columns_a,
          glass_columns_b, ebering_ecumenical_altar_webs
D:2:      layout_basic, uniq_robin, uniq_jessica
D:3:      layout_loops_ring, lemuel_round_altar
D:4:      layout_rooms, lemuel_crystal_altar, grunt_temple_overflow_open
D:5:      layout_gridville, nicolae_yredelemnul_corpse_copse, uniq_menkaure
D:6:      layout_cave_pools, minmay_temple_entry_drinking_statues, centaur_isle,
          uniq_pikel
D:7:      gammafunk_wand_slinger, layout_rooms, minmay_manual_mandibuliform,
          uniq_joseph
D:8:      layout_cave_pods, st_stairs_13, kennysheep_generic_room_11
D:9:      layout_gridville, orc_0_dummy, kennysheep_generic_room_14
D:10:     layout_roguey
D:11:     layout_layer_cave, erik_lair_island, enter_bailey_2,
          kennysheep_generic_room_9
Temple:   eino_temple_rhombus

Skill      XL: |  1  2  3  4  5  6  7  8  9 10 11 |
---------------+----------------------------------+-----
Axes           | 2 3 4 5 6 7 8 10 | 10.2
Shields        | 4 5 6 7 8 9 |  9.9
Armour         | 4 5 6 7 |  7.9
Fighting       | 4 5 6 7 |  7.2
Evocations     | 1 2 3 4 5 6 |  6.6
Dodging        | 1 |  1.4
Invocations    | 3 5 6 |  6.4

Action                   |  1- 3 |  4- 6 |  7- 9 | 10-12 || total
-------------------------+-------+-------+-------+-------++-------
Melee: War axe           |    76 |   178 |   135 |   331 ||   720
       Hand axe          |       |       |   133 |    14 ||   147
  Use: Scroll            |       |     5 |     6 |     8 ||    19
       Potion            |       |       |     3 |    10 ||    13
Armor: Scale mail        |    51 |       |       |       ||    51
       Chain mail        |     6 |   166 |   275 |    43 ||   490
       Plate armour      |       |       |       |   252 ||   252
Dodge: Dodged            |    25 |    40 |   105 |   222 ||   392
Block: Kite shield       |    54 |   151 |   267 |   370 ||   842

Table legend: (Time is in decaauts)
 A = Elapsed time spent in this place.
 B = Non-inter-level travel time spent in this place.
 C = Inter-level travel time spent in this place.
 D = Time resting spent in this place.
 E = Time spent auto-exploring this place.
 F = Levels seen in this place.
 G = Mean time per level.
                   A        B        C        D        E       F      G
               +--------+--------+--------+--------+--------+-----+--------+
         Total |  15821 |  15675 |    146 |   5003 |   6916 |  13 | 1217.0 |
       Dungeon |  14037 |  13891 |    146 |   4454 |   6392 |  11 | 1276.1 |
        Temple |    179 |    179 |      0 |      0 |    157 |   1 |  179.0 |
        Bailey |   1604 |   1604 |      0 |    549 |    366 |   1 | 1604.0 |
               +--------+--------+--------+--------+--------+-----+--------+

Top non-repeatable levels by time:
     D:4: 1638 daAuts
  Bailey: 1604 daAuts
    D:11: 1604 daAuts
     D:6: 1558 daAuts
     D:1: 1519 daAuts
     D:5: 1503 daAuts
     D:9: 1177 daAuts
     D:7: 1141 daAuts
    D:10: 1124 daAuts
     D:3: 1100 daAuts
     D:8: 908 daAuts
     D:2: 760 daAuts
  Temple: 179 daAuts
